 Dungeon Crawl Stone Soup version 0.31.0-1-g2c135a008e (webtiles) character file.

Game seed: 9616951724036942427

104 qw the Shooter (level 5, -6/40 HPs)
             Began as a Djinni Hunter on Jan 23, 2024.
             Mangled by a crocodile (11 damage)
             ... in a sewer.
             The game lasted 00:00:06 (1372 turns).

qw the Shooter (Djinni Hunter)                      Turns: 1372, Time: 00:00:07

Health: -6/40      AC:  5    Str: 10    XL:     5   Next: 7%
Gold:   204        EV: 11    Int: 11    God:
                   SH:  0    Dex: 18

rFire   + + .        a - +0 shortbow
rCold   x . .        (shield currently unavailable)
rNeg    + . .        l - +0 ring mail
rPois   inf          (no helmet)
rElec   .            (no cloak)
rCorr   .            (no gloves)
SInv    .            (boots unavailable)
Will    .....        (no amulet)
Stlth   +            i - ring of positive energy
HPRegen 0.26/turn    (no ring)
MPRegen 0.00/turn

%: infuse magic (-7 HP)
@: flying
A: sickness immunity, fire resistance 2, cold vulnerability 1, float, innate
caster, HP casting, extra vitality 1
a: no special abilities


You were in a sewer.
You visited 1 branch of the dungeon, and saw 3 of its levels.
You also visited: Sewer.

You collected 204 gold pieces.


Innate Abilities, Weirdness & Mutations

You are immune to sickness and miasma.
You are immune to poison.
Your flesh is very heat resistant. (rF++)
You are vulnerable to cold. (rC-)
You float through the air rather than walking.
You learn spells naturally, not from books.
Your magical power is your life essence.
You have superior vitality. (+4 MHP)


   Skills:
 - Level 3.0 Fighting
 + Level 4.1 Ranged Weapons
 - Level 1.1 Armour
 - Level 3.0 Dodging
 - Level 0.7 Stealth


You knew the following spells:

 Your Spells              Type           Power      Damage    Failure   Level
a - Necrotise             Necr           0%         1d4       65%         1
b - Lesser Beckoning      Tloc           0%         N/A       80%         2
Your spell library was empty.

Inventory:

Hand Weapons
 a - a +0 shortbow (weapon)
Armour
 l - a +0 ring mail (worn)
Jewellery
 i - a ring of positive energy (left hand)
Wands
 n - a wand of paralysis (3)
Scrolls
 b - a scroll of enchant armour
Potions
 c - a potion of resistance {unknown}
 d - a potion of degeneration {unknown}
 f - 3 potions of haste
 g - a potion of curing {unknown}

Dungeon Overview and Level Annotations

Branches:
Dungeon (3/15)              Sewer (1/1)

Altars:


Message History

The jackal misses you.
The jackal splashes around in the water.
You shoot an arrow. The arrow hits the jackal.
You kill the jackal!
You start resting.
HP restored.
You see here a jackal corpse.
c - a viscous grey potion
Things that are here:
a +0 club; 3 stones A crocodile comes into view.
Found a pair of gloves and 12 gold pieces.
You shoot an arrow. The arrow hits the crocodile.
The crocodile is lightly wounded.
You shoot an arrow. The arrow closely misses the crocodile.
You shoot an arrow. The arrow hits the crocodile.
The crocodile is lightly wounded.
You shoot an arrow. The arrow hits the crocodile.
The crocodile is moderately wounded.
You shoot an arrow.
The arrow hits the crocodile but does no damage.
The crocodile is moderately wounded.
The crocodile barely misses you. x2
You shoot an arrow. The arrow barely misses the crocodile.
The crocodile bites you! The crocodile drags you backwards!
You shoot an arrow. The arrow closely misses the crocodile.
The crocodile barely misses you.
You shoot an arrow. The arrow hits the crocodile!
The crocodile is heavily wounded.
The crocodile bites you. The crocodile drags you backwards!
The crocodile bites you!
Found a chain mail.
You shoot an arrow. The arrow barely misses the crocodile.
The crocodile bites you.
You shoot an arrow. The arrow barely misses the crocodile.
The crocodile misses you.
You shoot an arrow. The arrow hits the crocodile!
The crocodile is severely wounded.
The crocodile bites you. The crocodile bites you!
You die...

########
###....~.###
###....~~~~..###
###.~...####...@l#
##...~~###
###.~~.~# ......##
##~~.~..# ##...~~#
...~.### ###...~.#
...##.[ ###.....
..### [$# ##.~..
## ## ####


You could see a crocodile.

Vanquished Creatures
  3 adders
  A ribbon worm (D:2)
  A dart slug (D:1)
  2 ball pythons
  7 endoplasms
  14 giant cockroaches
  8 goblins
  5 hobgoblins
  5 jackals
  4 quokkas
  A bat (D:1)
  A frilled lizard (D:1)
  4 kobolds
  4 rats
60 creatures vanquished.

Notes
Turn   | Place    | Note
-------+----------+-------------------------------------------
     0 | D:1      | qw the Djinni Hunter began the quest for the Orb.
     0 | D:1      | Reached XP level 1. HP: 18/18 MP: 0/0
     0 | D:1      | 0 ||| qw: Version: 0.3-a-135-gb77e89d
     0 | D:1      | 0 ||| qw: Game counter: 791
     0 | D:1      | 0 ||| qw: Melee chars always use a shield: true
     0 | D:1      | 0 ||| qw: God list: Okawaru
     0 | D:1      | 0 ||| qw: Allow faded altars: false
     0 | D:1      | 0 ||| qw: Do Orc after clearing Dungeon:15 true
     0 | D:1      | 0 ||| qw: Do second Lair branch before Depths: true
     0 | D:1      | 0 ||| qw: Lair rune preference: random
     0 | D:1      | 0 ||| qw: Goals: Normal
     0 | D:1      | 0 ||| PLANNING D:1-11
    91 | D:1      | Reached XP level 2. HP: 23/23 MP: 0/0
   242 | D:1      | Reached skill level 4 in Ranged Weapons
   242 | D:1      | Reached XP level 3. HP: 28/28 MP: 0/0
   242 | D:1      | Learned a level 1 spell: Necrotise
   698 | D:1      | 698 ||| READING scroll labelled PYEPLE TOUCIAH.
   698 | D:1      | 698 ||| ENCHANTING +0 shortbow.
   699 | D:1      | 699 ||| READING scroll labelled SASTAY LUROCZO.
   699 | D:1      | 699 ||| IDENTIFYING grey potion
   700 | D:1      | 700 ||| DROPPING scroll of butterflies.
   812 | D:2      | Reached skill level 3 in Fighting
   812 | D:2      | Reached XP level 4. HP: 35/35 MP: 0/0
  1084 | D:2      | Reached skill level 3 in Dodging
  1222 | D:2      | 1222 ||| UPGRADING to +0 ring mail.
  1232 | D:2      | 1232 ||| DROPPING +0 leather armour.
  1233 | D:2      | 1233 ||| UPGRADING to ring of positive energy.
  1234 | D:2      | 1234 ||| READING scroll labelled FOGOLUJ LUMUJ.
  1235 | D:2      | 1235 ||| READING scroll labelled LOUTYE SUGAJ.
  1236 | D:2      | 1236 ||| READING 3 scrolls labelled VIJILLAUBI.
  1237 | D:2      | 1237 ||| READING scroll labelled HALYIT XYAZISCH.
  1242 | D:2      | 1242 ||| READING scroll labelled WEBILO AJYT.
  1243 | D:2      | 1243 ||| DROPPING 2 scrolls of fog.
  1250 | D:3      | Found a glowing drain.
  1251 | D:3      | 1251 ||| PLANNING SEWER
  1272 | D:3      | Reached skill level 1 in Armour
  1272 | D:3      | Reached XP level 5. HP: 36/40 MP: 0/0
  1272 | D:3      | Learned a level 2 spell: Lesser Beckoning
  1290 | Sewer    | Entered a sewer
  1361 | Sewer    | Noticed a crocodile
  1370 | Sewer    | HP: 9/40 [crocodile (3)]
  1372 | Sewer    | Mangled by a crocodile

Levels and vault maps discovered:
D:1:      wander_arrival_fairy_ring, layout_basic
D:2:      minmay_roachtagon, layout_rooms, minmay_indecisive_spiral
D:3:      layout_loops_corners, grunt_temple_overflow_open,
          dreamdust_ecumenical_altar_angels_and_demons, gup_sewer_entry_glass,
          grunt_decor_clamped
Sewer:    sewer_the_crocodile

Skill      XL: |  1  2  3  4 |
---------------+-------------+-----
Ranged Weapons | 4 |  4.1
Fighting       | 3 |  3.0
Dodging        | 3 |  3.0
Armour         | 1 |  1.1
Stealth        | |  0.7

Action                     |  1- 3 |  4- 6 || total
---------------------------+-------+-------++-------
   Fire: Shortbow          |    93 |    86 ||   179
    Use: Scroll            |     2 |     5 ||     7
 Armour: Leather armour    |    10 |    25 ||    35
         Ring mail         |       |    24 ||    24
  Dodge: Dodged            |    23 |    60 ||    83

Table legend:
 A = Non-vault XP
 B = Vault XP
 C = Vault XP percentage of total XP
 D = Non-vault monster count
 E = Vault monster count
 F = Vault count percentage of total count
                 A         B        C        D         E       F
            +---------+---------+-------+---------+---------+-------
      Total |      73 |      76 |  51.0 |      38 |      22 |  36.7
            +---------+---------+-------+---------+---------+-------
        D:1 |      51 |       0 |   0.0 |      28 |       0 |   0.0
        D:2 |      22 |      43 |  66.2 |      10 |      16 |  61.5
        D:3 |       0 |      26 | 100.0 |       0 |       2 | 100.0
      Sewer |       0 |       7 | 100.0 |       0 |       4 | 100.0
            +---------+---------+-------+---------+---------+-------
